 Dungeon Crawl Stone Soup version 0.29-a0-294-g83ea962da3 (webtiles) character file.

Game seed: 16851279256039640308

616 Dabor the Sneak (level 7, -3/40 HPs)
             Began as a Kobold Enchanter on Mar 18, 2022.
             Slain by a smoke demon (4 damage)
             ... on level 5 of the Abyss.
             The game lasted 00:08:37 (3485 turns).

Dabor the Sneak (Kobold Enchanter)                  Turns: 3485, Time: 00:08:38

Health: -3/40      AC:  3    Str: 11    XL:     7   Next: 73%
Magic:  1/12       EV: 16    Int: 16    God:
Gold:   161        SH:  0    Dex: 18    Spells: 11/13 levels left

rFire   . . .      SeeInvis .   s - +0 short sword (drain)
rCold   . . .      Faith    .   (no shield)
rNeg    . . .      Spirit   .   b - +0 robe
rPois   +          Reflect  .   (no helmet)
rElec   .          Harm     .   (no cloak)
rCorr   .          Rampage  .   j - +0 pair of gloves
Will    .....                   (no boots)
Stlth   ++++......              (no amulet)
HPRegen 0.13/turn               h - ring of poison resistance
MPRegen 0.13/turn               k - +6 ring of strength

@: very slightly contaminated
A: small, no large weapons, nightstalker 3
a: no special abilities


You were on level 5 of the Abyss.
You visited 1 branch of the dungeon, and saw 4 of its levels.
You visited the Abyss 1 time.

You collected 161 gold pieces.

Inventory:

Hand Weapons
 a - a +1 dagger
 s - a +0 short sword of draining (weapon)
Armour
 b - a +0 robe (worn)
 j - a +0 pair of gloves (worn)
Jewellery
 h - a ring of poison resistance (left hand)
 k - a +6 ring of strength (right hand)
 l - an amulet of regeneration
 x - a +6 ring of dexterity
Wands
 v - a wand of paralysis (3)
 y - a wand of iceblast (5)
Scrolls
 e - 2 scrolls of identify {unknown}
 f - a scroll of enchant weapon {unknown}
 i - 2 scrolls of teleportation {unknown}
 n - a scroll of brand weapon {unknown}
 o - a scroll of magic mapping {unknown}
 p - a scroll of amnesia {unknown}
 r - a scroll of immolation {unknown}
 u - a scroll of noise {unknown}
 w - a scroll of fog {unknown}
Potions
 c - a potion of invisibility
 d - 2 potions of curing {unknown}
 g - a potion of resistance {unknown}
 m - a potion of degeneration {unknown}
 q - 2 potions of mutation {unknown}
 t - 2 potions of lignification {unknown}
 z - a potion of magic {unknown}


   Skills:
 + Level 2.0 Fighting
 * Level 4.1 Short Blades
 * Level 4.3 Dodging
 * Level 6.3 Stealth
 * Level 3.7 Spellcasting
 * Level 4.3 Hexes
 + Level 2.0 Ice Magic


You had 11 spell levels left.
You knew the following spells:

 Your Spells              Type           Power      Damage    Failure   Level
a - Ensorcelled Hibernat  Hex/Ice        26%        N/A       7%          2

Your spell library contained the following spells:

 Spells                   Type           Power      Damage    Failure   Level
 Confusing Touch          Hex            16%        N/A       9%          3
 Tukima's Dance           Hex            16%        N/A       9%          3
 Dazzling Flash           Conj/Hex       18%        N/A       22%         3


Dungeon Overview and Level Annotations

Branches:
Dungeon (4/15)
 Temple: D:4-7

Altars:
Uskayaw
Xom
Zin
Lugonu


Innate Abilities, Weirdness & Mutations

You are small and have problems with some larger weapons.
You are completely attuned to the shadows.


Message History

The smoke demon gestures at you. The ball of steam misses you.
Aiming: Ensorcelled Hibernation (safe; 7% risk of failure)
Press: ? - help, Q - select action, (/) - cycle Shift-Dir - straight line, f/p - smoke demon
Aim: a smoke demon (chance to affect: 16%)
The smoke demon resists with almost no effort.
You are engulfed in a cloud of scalding steam.
The smoke demon misses you. The smoke demon closely misses you.
The smoke demon hits you but does no damage.
Aiming: Ensorcelled Hibernation (safe; 7% risk of failure)
Press: ? - help, Q - select action, (/) - cycle Shift-Dir - straight line, f/p - smoke demon
Aim: a smoke demon (chance to affect: 16%)
You miscast Ensorcelled Hibernation.
You are very lightly contaminated with residual magic.
Nothing appears to happen.
The smoke demon completely misses you. The smoke demon closely misses you.
The smoke demon misses you. The neqoxec barely misses you.
The neqoxec attacks as you move away! The neqoxec hits you!
You are engulfed in a cloud of scalding steam.
* * * LOW HITPOINT WARNING * * *
Aiming: Ensorcelled Hibernation (safe; 7% risk of failure)
Press: ? - help, Q - select action, (/) - cycle Shift-Dir - straight line, f/p - smoke demon
Aim: a smoke demon (chance to affect: 16%)
The smoke demon resists with almost no effort.
The smoke demon barely misses you. The smoke demon hits you.
* * * LOW HITPOINT WARNING * * *
The smoke demon hits you.
* * * LOW HITPOINT WARNING * * *
Aiming: Ensorcelled Hibernation (safe; 7% risk of failure)
Press: ? - help, Q - select action, (/) - cycle Shift-Dir - straight line, f/p - smoke demon
Aim: a smoke demon (chance to affect: 16%)
The smoke demon resists with almost no effort.
The smoke demon closely misses you. The smoke demon hits you.
* * * LOW HITPOINT WARNING * * *
The smoke demon misses you.
You closely miss the smoke demon. You hit the smoke demon.
The smoke demon is lightly wounded.
The smoke demon hits you.
You die...

. .... ..... # #.
. .##. .
...#####.# ...
.#.#.. . ##.# ..
..# . .#..##.##
.###. # ..#.
..####...#..... .
.. .## #
.##.....#. # #
.#.#. #..@#...# .
..## ......_#3...#
..≈≈≈≈≈ ≈≈
≈≈≈≈≈...#.. .
≈≈≈♣≈≈≈≈≈≈≈≈≈≈≈≈≈≈
..# ## .#≈
≈≈≈≈≈≈≈≈≈≈ ... ..#
##.#.≈≈≈≈ .#..# #
# # # .##


You could see a smoke demon.

Vanquished Creatures
  Sigmund (D:3)
  An ogre (D:4)
  A gnoll sergeant (D:4)
  A howler monkey (D:4)
  An orc priest (D:3)
  A jelly (D:2)
  Jessica (D:3)
  An orc wizard (D:3)
  4 adders
  7 gnolls
  A worm (D:2)
  A dart slug (D:1)
  4 orcs (D:3)
  5 bats
  3 endoplasms
  A giant cockroach (D:1)
  3 goblins
  8 hobgoblins
  2 jackals (D:4)
  5 quokkas
  4 ball pythons
  2 frilled lizards (D:3)
  4 kobolds
  7 rats
69 creatures vanquished.

Vanquished Creatures (others)
  An angel (D:3)
  A goblin (D:3)
2 creatures vanquished.

Grand Total: 71 creatures vanquished

Notes
Turn   | Place    | Note
-------+----------+-------------------------------------------
     0 | D:1      | Dabor the Kobold Enchanter began the quest for the Orb.
     0 | D:1      | Reached XP level 1. HP: 10/10 MP: 3/3
   286 | D:1      | Reached XP level 2. HP: 15/15 MP: 5/5
   292 | D:1      | Learned a level 2 spell: Ensorcelled Hibernation
   791 | D:2      | Reached XP level 3. HP: 20/20 MP: 6/6
   791 | D:2      | Reached XP level 4. HP: 24/24 MP: 7/7
  1152 | D:2      | Reached skill level 1 in Ice Magic
  1400 | D:3      | Noticed Jessica
  1405 | D:3      | Killed Jessica
  1406 | D:3      | Reached skill level 1 in Fighting
  1406 | D:3      | Reached skill level 5 in Stealth
  1406 | D:3      | Reached XP level 5. HP: 29/29 MP: 9/9
  1464 | D:3      | Noticed a +0 short sword
  1464 | D:3      | Noticed a +0 falchion
  1465 | D:3      | Noticed a +0 falchion
  1465 | D:3      | Noticed a +0 spear
  1465 | D:3      | Noticed a +0 short sword
  1469 | D:3      | Noticed a +0 dagger
  1477 | D:3      | Noticed a +0 spear
  1531 | D:3      | Found a hide-covered altar of Uskayaw.
  1619 | D:3      | Found a shimmering altar of Xom.
  1619 | D:3      | Noticed an angel
  1625 | D:3      | Found a glowing silver altar of Zin.
  2179 | D:3      | Noticed Sigmund
  2194 | D:3      | Killed an angel
  2197 | D:3      | Killed Sigmund
  2198 | D:3      | Reached XP level 6. HP: 11/34 MP: 0/10
  2484 | D:3      | Reached XP level 7. HP: 39/39 MP: 10/12
  2700 | D:3      | Noticed a +0 dagger
  2716 | D:3      | Found a faded altar of an unknown god.
  2915 | D:3      | Prayed at the altar of an unknown god.
  2915 | D:3      | Became a worshipper of Lugonu the Unformed
  2915 | D:3      | Reached * piety under Lugonu
  2915 | D:3      | Reached ** piety under Lugonu
  2916 | D:3      | Fell from the grace of Lugonu
  3021 | D:4      | Reached skill level 6 in Stealth
  3239 | D:4      | Noticed a small abomination
  3239 | D:4      | Noticed a thrashing horror
  3239 | D:4      | Cast into level 1 of the Abyss (Lugonu's touch)
  3288 | Abyss:1  | Found a broken altar of Ashenzari.
  3339 | Abyss:2  | Noticed a large abomination
  3394 | Abyss:5  | Entered Level 5 of the Abyss
  3406 | Abyss:5  | Noticed a red devil
  3470 | Abyss:5  | Noticed a spatial maelstrom
  3475 | Abyss:5  | Noticed a smoke demon
  3477 | Abyss:5  | Noticed a neqoxec
  3483 | Abyss:5  | HP: 1/40 [smoke demon (3)]
  3485 | Abyss:5  | Slain by a smoke demon

Illustrated notes

Levels and vault maps discovered:
D:1:      scummos_arrival_hexagon, layout_rooms, ebering_dispersal_statue_hall,
          st_stairs_1, minmay_door_square
D:2:      layout_basic
D:3:      layout_basic, grunt_temple_overflow_order_and_chaos_1,
          nicolae_uskayaw_en_pointe, dreamdust_ecumenical_altar_sealed_demon,
          uniq_jessica, uniq_sigmund
D:4:      layout_basic, grunt_temple_overflow_lords_of_destruction,
          gammafunk_ghost_grave, grunt_ministairs_7
Abyss:5:  base: Temple, base: Temple, abyss_greek_temple,
          evilmike_abyss_rune_ettins, guppyfry_abyss_exit_spiral_guarded,
          small_statue_intersection, bh_abyss_negative,
          nicolae_abyss_rune_left_handed

Skill      XL: |  1  2  3  4  5  6  7 |
---------------+----------------------+-----
Short Blades   | 2 3 4 |  4.1
Dodging        | 3 4 |  4.3
Ice Magic      | 1 2 |  2.0
Fighting       | 1 2 |  2.0
Stealth        | 5 6 |  6.3
Spellcasting   | 3 |  3.7
Hexes          | 4 |  4.3

Action                   |  1- 3 |  4- 6 |  7- 9 || total
-------------------------+-------+-------+-------++-------
Melee: Dagger            |    30 |    38 |       ||    68
       Punch             |       |     1 |       ||     1
       Short sword       |       |    25 |    48 ||    73
 Cast: Ensorcelled Hiber |       |    15 |    13 ||    28
Invok: Renounce Religion |       |       |     1 ||     1
  Use: Potion            |       |     1 |       ||     1
 Stab: Sleeping          |    11 |    21 |     7 ||    39
Armor: Robe              |     5 |     4 |     7 ||    16
Dodge: Dodged            |    16 |    38 |    32 ||    86

Table legend: (Time is in decaauts)
 A = Elapsed time spent in this place.
 B = Non-inter-level travel time spent in this place.
 C = Inter-level travel time spent in this place.
 D = Time resting spent in this place.
 E = Time spent auto-exploring this place.
 F = Levels seen in this place.
 G = Mean time per level.
                   A        B        C        D        E       F      G
               +--------+--------+--------+--------+--------+-----+--------+
         Total |   3470 |   3388 |     82 |    210 |   2541 |   9 |  385.6 |
       Dungeon |   3224 |   3142 |     82 |    210 |   2411 |   4 |  806.0 |
         Abyss |    245 |    245 |      0 |      0 |    130 |   5 |   49.0 |
               +--------+--------+--------+--------+--------+-----+--------+

Top non-repeatable levels by time:
     D:3: 1551 daAuts
     D:1: 715 daAuts
     D:2: 656 daAuts
     D:4: 301 daAuts
 Abyss:5: 91 daAuts
 Abyss:1: 68 daAuts
 Abyss:2: 30 daAuts
 Abyss:3: 27 daAuts
 Abyss:4: 26 daAuts
